AoeStats
← noloomregret

Arena

510129800Analyzed
2v2 RM · 24h ago on Sep 29, 2026· 46m 30s· 4 players
Game mode
Random Map
Map size
Medium (4 player)
Population
200
Speed
Normal
Resources
Standard
Victory
Conquest
Starting age
Dark Age
Ending age
Imperial Age
RankedLock teamsTeams togetherTeam positionsShared explorationLock speedFull tech treeHidden civsTurbo modeCheats
Victory
Defeat
🇲🇦 Khmer · Morocco
1070
+15
🇮🇹 Franks · Italy
1038
+16
🇭🇰 Bohemians · Hong Kong SAR China
1044
-16
🇭🇰 Persians · Hong Kong SAR China
1032
-15
kinghooooooooo
11:09 Feudal Age
15:00 Castle Age
13:06 Double-Bit Axe
13:10 Horse Collar
16:57 Wheelbarrow
16:54 Fervor
20:46 Heavy Plow
20:50 Loom
22:31 Hand Cart
22:36 Bow Saw
28:32 Imperial Age
27:24 Ballistics
28:06 Chemistry
27:26 Ballistics
27:51 Heavy Plow
27:28 Pikeman
28:08 Squires
27:54 Arson
28:11 Scale Mail Armor
28:22 Forging
29:51 Conscription
30:26 Iron Casting
30:55 Halberdier
32:39 Blast Furnace
31:55 Chain Mail Armor
31:32 Fletching
33:53 Two-Man Saw
33:27 Wagenburg Tactics
34:10 Padded Archer Armor
34:16 Scale Barding Armor
35:09 Siege Engineers
35:14 Masonry
35:41 Murder Holes
35:57 Houfnice
45:55 Plate Mail Armor
45:45 Chain Barding Armor
46:04 Cavalier
46:44 Husbandry
fung4513
11:42 Feudal Age
13:39 Loom
16:18 Castle Age
15:48 Horse Collar
15:59 Double-Bit Axe
16:06 Stone Mining
19:36 Bow Saw
25:39 Heavy Plow
26:18 Gold Mining
27:41 Wheelbarrow
32:05 Imperial Age
30:12 Hand Cart
30:41 Husbandry
30:53 Bloodlines
31:09 Town Watch
31:38 Forging
31:33 Scale Barding Armor
30:59 Pikeman
31:39 Squires
32:56 Iron Casting
31:47 Heavy Camel Rider
33:28 Chain Barding Armor
33:25 Squires
33:56 Conscription
34:42 Two-Man Saw
34:26 Crop Rotation
35:19 Blast Furnace
35:01 Gold Shaft Mining
35:05 Stone Shaft Mining
35:56 Plate Barding Armor
35:12 Gambesons
35:40 Halberdier
36:28 Town Patrol
36:58 Scale Mail Armor
39:53 Chain Mail Armor
40:09 Ballistics
40:50 Chemistry
43:20 Kamandaran
44:33 Plate Mail Armor
noloomregret
12:17 Feudal Age
14:59 Castle Age
12:51 Double-Bit Axe
16:47 Bow Saw
20:34 Wheelbarrow
19:42 Horse Collar
20:28 Gold Mining
20:49 Stone Mining
22:04 Loom
22:05 Town Watch
22:35 Hand Cart
25:10 Gold Shaft Mining
25:13 Stone Shaft Mining
28:53 Imperial Age
27:10 Scale Barding Armor
27:21 Forging
27:54 Forging
28:52 Chain Barding Armor
28:25 Fletching
29:12 Iron Casting
29:17 Ballistics
30:47 Plate Barding Armor
31:16 Chemistry
31:44 Blast Furnace
30:40 Bodkin Arrow
31:43 Conscription
31:58 Murder Holes
32:18 Fortified Wall
32:16 Husbandry
32:27 Bloodlines
32:39 Heavy Plow
32:14 Light Cavalry
33:12 Hussar
34:56 Double Crossbow
35:55 Bracer
36:22 Elite Ballista Elephant
37:31 Siege Engineers
44:57 Masonry
Hookton
2:23 Loom
11:18 Feudal Age
11:48 Double-Bit Axe
18:01 Castle Age
16:36 Gold Mining
20:03 Bow Saw
21:02 Fortified Wall
23:39 Gold Shaft Mining
29:55 Imperial Age
28:37 Wheelbarrow
28:00 Stone Mining
28:59 Town Watch
29:52 Husbandry
29:13 Light Cavalry
30:05 Scale Barding Armor
30:11 Forging
30:17 Masonry
31:08 Chain Barding Armor
30:10 Cavalier
31:47 Conscription
32:51 Iron Casting
33:54 Chemistry
33:05 Elite Throwing Axeman
33:31 Paladin
35:30 Hand Cart
36:16 Plate Barding Armor
38:37 Blast Furnace
37:38 Scale Mail Armor
37:59 Pikeman
39:28 Halberdier
41:42 Chain Mail Armor
Connection lost

Rejoining the realm…

Still unreachable

The connection could not be restored.

Session expired

The server has moved on; the page needs a fresh start.